 Dungeon Crawl Stone Soup version 0.27-a0-1105-g946c659c87 (webtiles) character file.

Game seed: 17460917925986249898

165 kae the Skirmisher (level 5, 0/42 HPs)
             Began as a Formicid Abyssal Knight on Apr 29, 2021.
             Was a Believer of Lugonu.
             Slain by a ball python (1 damage)
             ... on level 3 of the Dungeon.
             The game lasted 00:02:48 (3915 turns).

kae the Skirmisher (Formicid Abyssal Knight)        Turns: 3915, Time: 00:02:48

Health: 0/42       AC:  3    Str: 17    XL:     5   Next: 75%
Magic:  7/7        EV:  8    Int: 12    God:    Lugonu [**....]
Gold:   95         SH:  0    Dex: 10    Spells: 4/4 levels left

rFire    . . .     SeeInvis +   a - +2 falchion
rCold    . . .     Faith    .   (no shield)
rNeg     . . .     Spirit   .   b - +0 leather armour
rPois    .         Reflect  .   (helmet unavailable)
rElec    .         Harm     .   (no cloak)
rCorr    .         Rampage  .   (no gloves)
Will     .....                  (no boots)
Stlth    +.........             (no amulet)
HPRegen  0.14/turn              (no ring)
MPRegen  0.10/turn              (no ring)

@: constricted
A: permanent stasis, dig shafts and tunnels, antennae 3, four strong arms
a: Dig, Shaft Self, Renounce Religion, Depart the Abyss, Bend Space


You were on level 3 of the Dungeon.
You worshipped Lugonu.
Lugonu was pleased with you.
You visited 1 branch of the dungeon, and saw 4 of its levels.
You visited the Abyss 1 time.

You collected 95 gold pieces.

Inventory:

Hand Weapons
 a - a +2 falchion (weapon)
Armour
 b - a +0 leather armour (worn)
Potions
 c - 4 potions of curing
 d - 2 potions of ambrosia
 e - a potion of heal wounds {unknown}
 f - a potion of degeneration {unknown}


   Skills:
 + Level 4.0 Fighting
 * Level 3.5 Long Blades
 + Level 3.1 Armour
 - Level 2.0 Dodging
 + Level 3.2 Invocations


You had 4 spell levels left.
You didn't know any spells.
Your spell library contained the following spells:

 Spells                   Type           Power      Damage    Failure   Level
 Beastly Appendage        Tmut           0%         N/A       36%         1
 Corona                   Hex            0%         N/A       36%         1
 Wereblood                Tmut           0%         N/A       52%         2
 Spider Form              Tmut/Pois      0%         N/A       75%         3
 Ice Form                 Ice/Tmut       0%         N/A       98%         4
 Hydra Form               Tmut           0%         N/A       100%        5


Dungeon Overview and Level Annotations

Branches:
Dungeon (4/15)
 Temple: D:4-7

Altars:
Kikubaaqudgha
Sif Muna
Vehumet

Shops:
D:2 =(:(*


Innate Abilities, Weirdness & Mutations

You cannot be hasted, slowed, berserked, paralysed or teleported.
You can dig through walls and to a lower floor.
You have a pair of large antennae on your head. (SInv)
Your four strong arms can wield two-handed weapons with a shield.


Message History

You completely miss the hound.
The hound is lightly wounded.
The hound closely misses you. The hound bites you.
* * * LOW HITPOINT WARNING * * *
You hit the hound.
The hound is moderately wounded.
The hound bites you.
* * * LOW HITPOINT WARNING * * *
The hound bites you but does no damage.
You hit the hound.
The hound is heavily wounded.
The hound barely misses you.
You closely miss the hound.
The hound is heavily wounded.
The hound barely misses you. x2; You riposte.
You closely miss the hound.
The hound is heavily wounded.
You miss the hound.
The hound is heavily wounded.
The hound bites you.
* * * LOW HITPOINT WARNING * * *
The hound bites you.
* * * LOW HITPOINT WARNING * * *
You hit the hound.
The hound is severely wounded.
The hound bites you.
* * * LOW HITPOINT WARNING * * *
You hit the hound.
The hound is severely wounded.
The hound barely misses you.
You riposte.
You hit the hound.
You kill the hound!
Lugonu accepts your kill.
The ball python bites you but does no damage.
The ball python grabs you. The ball python constricts you.
Training target 2.0 for Dodging reached!
Your Fighting skill increases to level 4!
Your Dodging skill increases to level 2!
You hit the ball python.
The ball python is moderately wounded.
The ball python barely misses you.
You die...

#......# ##...... ## #......#
###......# .# #......###......#.#
.### #..........#....... ...#
####.......####.......
.#.#########.........## #.......
†............######..# ##...####
##..#...###....####..# #....##..
.##.##..........@So..####....##.#
..#..#.###########...........##.#
#....#.#############...#....###.#
##..##.#..[..#....S..........)...
.####.........(..............)...
)................................
....##..........>÷......#........
....##.................##........
....##.................##........


You could see an orc and a ball python.

Vanquished Creatures
  A hound (D:3)
  An orc wizard (D:3)
  3 gnolls
  An adder (D:2)
  A dart slug (D:1)
  4 orcs
  6 ball pythons
  7 bats
  11 endoplasms
  2 giant cockroaches (D:2)
  6 goblins
  3 hobgoblins
  8 kobolds
  4 frilled lizards
  7 rats
65 creatures vanquished.

Notes
Turn   | Place    | Note
-------+----------+-------------------------------------------
     0 | Abyss:1  | kae the Formicid Abyssal Knight began the quest for the
                  | Orb.
     0 | Abyss:1  | Reached XP level 1. HP: 18/18 MP: 2/2
    19 | Abyss:1  | Noticed an iron imp
    21 | D:1      | Escaped the Abyss
    91 | D:1      | Reached skill level 1 in Dodging
   100 | D:1      | Reached XP level 2. HP: 22/24 MP: 3/3
   234 | D:1      | Reached * piety under Lugonu
   447 | D:1      | Reached XP level 3. HP: 28/29 MP: 4/4
  1326 | D:2      | Found a faded altar of an unknown god.
  1564 | D:2      | Found Plog's Weapon Shop.
  1565 | D:2      | Found Hiduoxuo's Antique Weapon Shop.
  1704 | D:2      | Found Nusotici's Book Shoppe.
  1717 | D:2      | Reached XP level 4. HP: 12/36 MP: 4/6
  2229 | D:2      | Reached ** piety under Lugonu
  2764 | D:2      | Found Zubilan's Jewellery Shop.
  2851 | D:2      | Found Deuddion's General Store.
  3077 | D:3      | Reached XP level 5. HP: 22/42 MP: 7/7
  3541 | D:3      | Found a radiant altar of Vehumet.
  3541 | D:3      | Found an ancient bone altar of Kikubaaqudgha.
  3543 | D:3      | Found a shimmering blue altar of Sif Muna.
  3555 | D:3      | Identified Sif Muna's Tome of Enchantment
  3664 | D:4      | Noticed a phantom
  3748 | D:4      | Noticed an ogre
  3913 | D:3      | HP: 1/42 [hound (5)]
  3915 | D:3      | Reached skill level 4 in Fighting
  3915 | D:3      | Slain by a ball python

Illustrated notes

Levels and vault maps discovered:
D:1:      lightli_arrival_statuegarden, layout_loops_ring
D:2:      layout_rooms, basic_ecumenical_altar, serial_shops, shop, shop, shop,
          shop, shop
D:3:      layout_rooms, grunt_temple_overflow_magic_moments,
          minmay_close_crescents
D:4:      layout_rooms, glass_columns_a

Skill      XL: |  1  2  3  4  5 |
---------------+----------------+-----
Dodging        | 1 2 |  2.0
Long Blades    | 3 |  3.5
Armour         | 3 |  3.1
Invocations    | 3 |  3.2
Fighting       | 4 |  4.0

Action                   |  1- 3 |  4- 6 || total
-------------------------+-------+-------++-------
Melee: Falchion          |    93 |    85 ||   178
Invok: Depart the Abyss  |     1 |       ||     1
  Use: Scroll            |     2 |     3 ||     5
Armor: Leather armour    |    39 |    18 ||    57
Dodge: Dodged            |    61 |    68 ||   129
       Rpst.: Falchion   |    26 |    21 ||    47

Table legend: (Time is in decaauts)
 A = Elapsed time spent in this place.
 B = Non-inter-level travel time spent in this place.
 C = Inter-level travel time spent in this place.
 D = Time resting spent in this place.
 E = Time spent auto-exploring this place.
 F = Levels seen in this place.
 G = Mean time per level.
                   A        B        C        D        E       F      G
               +--------+--------+--------+--------+--------+-----+--------+
         Total |   3950 |   3879 |     71 |   1362 |   2008 |   5 |  790.0 |
       Dungeon |   3929 |   3858 |     71 |   1362 |   1990 |   4 |  982.2 |
         Abyss |     21 |     21 |      0 |      0 |     18 |   1 |   21.0 |
               +--------+--------+--------+--------+--------+-----+--------+

Top non-repeatable levels by time:
     D:1: 1938 daAuts
     D:3: 1021 daAuts
     D:2: 947 daAuts
     D:4: 22 daAuts
 Abyss:1: 21 daAuts
